 Dungeon Crawl Stone Soup version 0.24-a0-474-g47c397e050 (webtiles) character file.

Game seed: 13663992139527122812

14902 CandyEater the Geomancer (level 12, -7/71 HPs)
             Began as a Gargoyle Earth Elementalist on July 5, 2019.
             Was an Elder of Vehumet.
             Mangled by a death knight
             ... wielding a +0 broad axe
              (17 damage)
             ... on level 12 of the Dungeon.
             The game lasted 00:33:05 (13411 turns).

CandyEater the Geomancer (GrEE)                    Turns: 13411, Time: 00:33:05

Health: -7/71      AC: 17    Str: 12    XL:     12   Next: 21%
Magic:  2/23       EV: 14    Int: 21    God:    Vehumet [****..]
Gold:   584        SH:  0    Dex: 10    Spells: 13/25 levels left

rFire    . . .     SeeInvis .   G - +3 flail
rCold    . . .     Gourm    .   (no shield)
rNeg     + . .     Faith    .   c - +1 robe
rPois    ∞         Spirit   .   F - +1 hat
rElec    +         Reflect  .   v - +2 cloak
rCorr    .         Harm     .   (no gloves)
MR       .....                  C - +0 pair of boots
Stlth    +++.......             (no amulet)
HPRegen  0.21/turn              n - ring of stealth
MPRegen  0.18/turn              (no ring)

@: no status effects
A: negative energy resistance 1, electricity resistance, unbreathing,
petrification resistance, rot immunity, AC +8
a: Renounce Religion


You were on level 12 of the Dungeon.
You worshipped Vehumet.
Vehumet was greatly pleased with you.
You were near starving.

You visited 2 branches of the dungeon, and saw 13 of its levels.

You collected 584 gold pieces.

Inventory:

Hand Weapons
 t - a +0 morningstar
 G - a +3 flail (weapon)
 I - a +5 trident of freezing
 L - a +2 mace of holy wrath
Missiles
 b - 144 stones (quivered)
Armour
 c - a +1 robe (worn)
 v - a +2 cloak (worn)
 C - a +0 pair of boots (worn)
 F - a +1 hat (worn)
Jewellery
 n - a ring of stealth (left hand)
 o - an uncursed ring of flight
 D - an uncursed ring of ice
Wands
 m - a wand of flame (28)
 u - a wand of polymorph (9)
 y - a wand of disintegration (22)
 A - a wand of random effects (30)
 B - a wand of paralysis (19)
 H - a wand of iceblast (9)
Scrolls
 a - 17 scrolls of teleportation
 j - a scroll of amnesia
 p - 6 scrolls of remove curse
 J - a scroll of magic mapping
 M - 2 scrolls of fear
Potions
 e - 5 potions of flight
 f - 4 potions of curing
 g - 7 potions of lignification
 i - 2 potions of invisibility
 k - a potion of haste
 l - 3 potions of agility
 q - a potion of heal wounds
 r - 2 potions of might
 w - a potion of resistance
 x - a potion of ambrosia
 z - a potion of brilliance {unknown}
Miscellaneous
 E - a phial of floods (inert)
Comestibles
 d - 34 rations
 h - 5 chunks of flesh


   Skills:
 + Level 6.9 Fighting
 + Level 6.5 Maces & Flails
 - Level 6.0 Armour
 + Level 5.7 Dodging
 - Level 2.1 Stealth
 + Level 7.4 Spellcasting
 + Level 8.3 Conjurations
   Level 0.7 Transmutations
 + Level 10.2 Earth Magic
 + Level 5.7 Evocations


You had 13 spell levels left.
You knew the following spells:

 Your Spells              Type           Power        Failure   Level  Hunger
a - Sandblast             Erth           ######       1%          1    None
b - Stone Arrow           Conj/Erth      #####.       1%          3    None
c - Lee's Rapid Deconstr  Erth           ######....   1%          5    #####..
d - Mephitic Cloud        Conj/Pois/Air  ###.....     2%          3    None

Your spell library contained the following spells:

 Spells                   Type           Power        Failure   Level  Hunger
 Yara's Violent Unravell  Hex/Tmut       #.........   45%         5    #####..
 Magic Dart               Conj           ####         1%          1    None
 Passwall                 Tmut/Erth      ####....     1%          2    None
 Conjure Flame            Conj/Fire      ####....     1%          3    None
 Infusion                 Chrm           #...         9%          1    None
 Petrify                  Tmut/Erth      ####....     9%          4    ###....
 Blink                    Tloc           N/A          13%         2    None
 Call Imp                 Summ           #.......     13%         2    None
 Shroud of Golubria       Chrm/Tloc      #.....       13%         2    None
 Slow                     Hex            #.......     13%         2    None
 Song of Slaying          Chrm           #.......     13%         2    None
 Regeneration             Chrm/Necr      #.........   26%         3    None
 Spectral Weapon          Hex/Chrm       #.......     26%         3    None


Dungeon Overview and Level Annotations

Branches:
Dungeon (12/15)            Temple (1/1) D:7            Lair (0/6) D:9
    Orc (0/2) D:9

Altars:
Ashenzari
Cheibriados
Dithmenos
Elyvilon
Fedhas
Gozag
Hepliaklqana
Kikubaaqudgha
Makhleb
Nemelex Xobeh
Qazlal
Ru
Sif Muna
Trog
Uskayaw
Vehumet
Wu Jian
Xom
Zin
The Shining One

Shops:
D:4 (   D:9 *}


Innate Abilities, Weirdness & Mutations

You are resistant to torment.
Your stone body is resilient. (AC +8)
You are immune to poison.
You resist negative energy. (rN+)
You are resistant to electric shocks. (rElec)
You can survive without breathing.
You are immune to petrification.
You are immune to rotting.


Message History

The death knight is almost dead.
The death knight reflects your damage back at you!
The death knight misses you.
Evoke which item? (* to show all) (? for menu, Esc to quit)
Aiming: Random Effects
Press: ? - help, Shift-Dir - straight line, f/p - death knight
Aim: a death knight, wielding a +0 broad axe and wearing a +0 chain mail (almost dead, fast, reflecting injuries)
The death knight resists with almost no effort.
The death knight hits you with a +0 broad axe!
* * * LOW HITPOINT WARNING * * *
The death knight hits you with a +0 broad axe.
* * * LOW HITPOINT WARNING * * *
Unknown command.
Evoke which item? (* to show all) (? for menu, Esc to quit)
Aiming: Random Effects
Press: ? - help, Shift-Dir - straight line, f/p - death knight
Aim: a death knight, wielding a +0 broad axe and wearing a +0 chain mail (almost dead, fast, reflecting injuries) Nothing appears to happen.
The death knight hits you with a +0 broad axe!
You die...

#^..................#
##...##.#.....###.#
####.#.##.#.....+
#....#....#.....#
#....######.....#
#....#.#........+
####...#.###....####
#...#.###........
#@###..$.u....... #p#
#..#.....#... #####†#
#.###...###.#
#....÷###..#.....#..#
#####........Y..p#.......
#........###.#...........
#................##......
#.........#.#..#..#..#...
#.............###...###..


You could see a death knight.

Vanquished Creatures
  Gastronok (D:11)
  A two-headed ogre (D:10)
  Nergalle (D:11)
  2 unseen horrors
  2 ugly things
  A cyclops (D:11)
  Maurice (D:9)
  An ice statue (D:10)
  3 hornets
  A meliai zombie (D:9)
  9 yaks
  Sigmund (D:5)
  A steam dragon (D:9)
  A wyvern (D:12)
  A wraith (D:11)
  2 hungry ghosts
  Grum (D:10)
  6 orc warriors
  2 sky beasts
  A black bear (D:10)
  3 phantoms
  2 wolves (D:10)
  2 centaurs
  8 ogres
  4 bullfrogs
  A big kobold (D:11)
  3 scorpions
  15 killer bees
  3 wights (D:11)
  5 howler monkeys
  2 centaur zombies
  6 crimson imps
  2 quasits
  2 jellies
  Crazy Yiuf (D:3)
  4 orc priests
  2 bullfrog skeletons
  7 hounds
  2 centaur skeletons
  Terence (D:3)
  Jessica (D:3)
  3 iguanas
  13 worker ants
  Natasha (thrice) (D:3)
  7 orc wizards
  A hound zombie (D:5)
  A hound skeleton (D:9)
  A howler monkey zombie (D:7)
  2 worker ant zombies
  11 adders
  3 gnolls (D:9)
  A river rat (D:4)
  3 shadow imps
  A white imp (D:8)
  2 oozes
  4 adder skeletons
  3 worms
  3 dart slugs
  7 leopard geckos
  37 orcs
  11 bats
  10 giant cockroaches
  5 goblins
  18 hobgoblins
  3 jackals (D:4)
  2 quokkas
  11 frilled lizards
  A goblin skeleton (D:8)
  A goblin zombie (D:8)
  A hobgoblin zombie (D:8)
  11 kobolds
  A kobold skeleton (D:8)
  A kobold zombie (D:8)
  A leopard gecko zombie (D:5)
  An orc zombie (D:8)
  A quokka zombie (D:5)
  10 rats
310 creatures vanquished.

Vanquished Creatures (collateral kills)
  A yak (D:12)
  A leopard gecko (D:6)
2 creatures vanquished.

Grand Total: 312 creatures vanquished

Notes
Turn   | Place    | Note
-------+----------+-------------------------------------------
     0 | D:1      | CandyEater the Gargoyle Earth Elementalist began the quest
                  | for the Orb.
     0 | D:1      | Reached XP level 1. HP: 10/10 MP: 3/3
   190 | D:1      | Reached XP level 2. HP: 4/15 MP: 1/5
   191 | D:1      | Reached skill level 4 in Earth Magic
   964 | D:1      | Reached XP level 3. HP: 19/19 MP: 4/6
  1053 | D:1      | Learned a level 3 spell: Stone Arrow
  1583 | D:2      | Found an ornate altar of the Wu Jian Council.
  1585 | D:2      | Noticed an orc warrior
  1585 | D:2      | Noticed a bullfrog
  1587 | D:2      | Found a transporter.
  1589 | D:2      | You fall into a shaft and drop 1 floor!
  1590 | D:3      | Noticed Jessica
  1591 | D:3      | Killed Jessica
  1591 | D:3      | Reached skill level 1 in Conjurations
  1591 | D:3      | Reached XP level 4. HP: 24/24 MP: 4/8
  1759 | D:2      | Found a transporter.
  2251 | D:2      | Reached skill level 5 in Earth Magic
  2443 | D:2      | Reached XP level 5. HP: 18/28 MP: 5/10
  2456 | D:2      | Learned a level 5 spell: Lee's Rapid Deconstruction
  2841 | D:2      | Found a deep blue altar of Sif Muna.
  3111 | D:3      | Noticed Terence
  3132 | D:3      | Killed Terence
  3299 | D:3      | Found a runed translucent door.
  3300 | D:3      | Noticed Crazy Yiuf
  3311 | D:3      | Killed Crazy Yiuf
  3427 | D:3      | Found an ancient bone altar of Kikubaaqudgha.
  3509 | D:3      | Noticed Natasha
  3513 | D:3      | Killed Natasha
  3513 | D:3      | Reached XP level 6. HP: 32/32 MP: 4/11
  3605 | D:3      | Noticed Natasha
  3609 | D:3      | Killed Natasha
  3794 | D:3      | Learned a level 3 spell: Mephitic Cloud
  4014 | D:3      | Noticed Natasha
  4018 | D:3      | Killed Natasha
  4089 | D:3      | Found an ancient bone altar of Kikubaaqudgha.
  4497 | D:4      | Reached skill level 6 in Earth Magic
  4788 | D:4      | Reached XP level 7. HP: 33/36 MP: 13/13
  4840 | D:4      | Found Qopnobb's Weapon Shop.
  5312 | D:5      | Entered Level 5 of the Dungeon
  5394 | D:5      | Noticed Sigmund
  5405 | D:5      | Killed Sigmund
  5443 | D:5      | Reached skill level 1 in Fighting
  5443 | D:5      | Reached skill level 1 in Armour
  5525 | D:5      | Reached skill level 1 in Maces & Flails
  5525 | D:5      | Reached skill level 1 in Evocations
  5525 | D:5      | Reached XP level 8. HP: 18/43 MP: 7/15
  5893 | D:5      | Reached skill level 7 in Earth Magic
  6233 | D:6      | Reached skill level 5 in Spellcasting
  6556 | D:6      | Found a sparkling altar of Nemelex Xobeh.
  6630 | D:6      | Reached skill level 5 in Conjurations
  7131 | D:7      | Reached XP level 9. HP: 46/49 MP: 9/16
  7227 | D:7      | Noticed a +0 dagger
  7228 | D:7      | Found a hide-covered altar of Uskayaw.
  7229 | D:7      | Noticed a +0 dagger
  7253 | D:7      | Found a staircase to the Ecumenical Temple.
  7272 | Temple   | Entered the Ecumenical Temple
  7279 | Temple   | Became a worshipper of Vehumet
  8074 | D:8      | Found a glowing golden altar of the Shining One.
  8081 | D:8      | Reached * piety under Vehumet
  8081 | D:8      | Offered knowledge of Flame Tongue by Vehumet.
  8314 | D:8      | Got a smoking shield
  8320 | D:8      | Identified the +3 shield "Pysul" {rC- MR++ Str-3 Int+2}
                  | (You found it on level 8 of the Dungeon)
  8413 | D:8      | Reached skill level 8 in Earth Magic
  8712 | D:9      | Noticed a hornet
  8718 | D:9      | Killed a hornet
  8740 | D:9      | Reached XP level 10. HP: 47/56 MP: 12/18
  8767 | D:9      | Offered knowledge of Shock by Vehumet.
  8769 | D:9      | Reached ** piety under Vehumet
  9047 | D:9      | Noticed Maurice
  9065 | D:9      | Killed Maurice
  9292 | D:9      | Found a staircase to the Orcish Mines.
  9297 | D:9      | Found Vutoruf's Gadget Shop.
  9436 | D:9      | Found a staircase to the Lair.
  9611 | D:9      | Found Waodiesch's General Store.
 10127 | D:9      | Reached skill level 5 in Armour
 10296 | D:10     | Entered Level 10 of the Dungeon
 10384 | D:10     | Offered knowledge of Static Discharge by Vehumet.
 10460 | D:10     | Noticed Grum
 10462 | D:10     | Reached skill level 5 in Fighting
 10483 | D:10     | Killed Grum
 10582 | D:10     | Reached *** piety under Vehumet
 10668 | D:10     | Reached skill level 9 in Earth Magic
 10871 | D:10     | Found a sparkling altar of Nemelex Xobeh.
 11000 | D:10     | Noticed a two-headed ogre
 11005 | D:10     | Killed a two-headed ogre
 11005 | D:10     | Reached skill level 5 in Maces & Flails
 11005 | D:10     | Reached XP level 11. HP: 63/64 MP: 9/20
 11697 | D:11     | Noticed a cyclops
 11700 | D:11     | Killed a cyclops
 11834 | D:11     | Noticed Nergalle
 11843 | D:11     | Killed Nergalle
 11902 | D:11     | Killed an unseen horror
 11902 | D:11     | Reached skill level 5 in Dodging
 12082 | D:11     | Offered knowledge of Ignite Poison by Vehumet.
 12111 | D:11     | Noticed Gastronok
 12125 | D:11     | Killed Gastronok
 12125 | D:11     | Reached skill level 5 in Evocations
 12515 | D:11     | Noticed a cyan ugly thing
 12520 | D:11     | Killed a cyan ugly thing
 12854 | D:12     | Killed an unseen horror
 12854 | D:12     | Reached skill level 10 in Earth Magic
 12854 | D:12     | Reached XP level 12. HP: 25/71 MP: 12/22
 13265 | D:12     | Reached **** piety under Vehumet
 13380 | D:12     | Noticed a death knight
 13403 | D:12     | Offered knowledge of Yara's Violent Unravelling by Vehumet.
 13411 | D:12     | Mangled by a death knight

Levels and vault maps discovered:
D:1:      dpeg_arrival_erosion, layout_rooms, serial_park_tiny_1,
          minmay_ruptured
D:2:      minmay_recursive_quarters, layout_loops_ring,
          gammafunk_temple_overflow_arena, lemuel_blue_sif_altar
D:3:      layout_basic, marbit_many_paths, uniq_terence, uniq_jessica,
          uniq_natasha, uniq_crazy_yiuf_cottage
D:4:      layout_cave_pods, gup_sewer_entry_bubbles, serial_shops, shop,
          serial_rivers, chequers_serial_rivers_marsh,
          chequers_serial_rivers_small_3, chequers_serial_rivers_micro_d,
          chequers_serial_rivers_room_a
D:5:      layout_basic, first_ration, roderic_serpentine_path,
          hangedman_glass_teeth, uniq_sigmund
D:6:      layout_basic, nemelex_altar_shiori
D:7:      kb_forest_paths, layout_loops_ring, dancing_weapons_uskayaw,
          minmay_temple_entry_purple_smoke
D:8:      layout_gridville, nicolae_tso_besieged_by_evil
D:9:      layout_roguey, dpeg_oklobed_lair, david_orc_2, serial_shops,
          nicolae_shop_behind_doors, shop, hangedman_pestilent_swarm,
          uniq_maurice
D:10:     minmay_separated_statues, layout_basic, grunt_decor_cap,
          minmay_misc_feat_cross, nemelex_diamond_rough_becter, uniq_grum
D:11:     layout_basic, uniq_nergalle, uniq_gastronok
D:12:     layout_basic, minmay_strange_pillars
Temple:   nicolae_temple_x_marks_the_god

Skill      XL: |  1  2  3  4  5  6  7  8  9 10 11 |
---------------+----------------------------------+-----
Earth Magic    | 4 5 6 7 8 9 10 | 10.2
Spellcasting   | 3 4 5 6 7 |  7.4
Conjurations   | 1 2 3 4 5 6 7 8 |  8.3
Fighting       | 1 2 4 5 6 |  6.9
Armour         | 1 2 4 5 6 |  6.0
Maces & Flails | 1 2 3 5 6 |  6.5
Dodging        | 2 3 4 5 |  5.7
Evocations     | 1 2 3 4 5 |  5.7
Stealth        | |  2.1
Transmutations | |  0.7

Action                   |  1- 3 |  4- 6 |  7- 9 | 10-12 || total
-------------------------+-------+-------+-------+-------++-------
Melee: Club              |    82 |   111 |       |       ||   193
       Unarmed           |     7 |       |       |       ||     7
       Falchion          |       |    50 |   208 |       ||   258
       Rapier            |       |       |    80 |   115 ||   195
       Flail             |       |       |       |   115 ||   115
 Cast: Sandblast         |    31 |    34 |    63 |    80 ||   208
       Stone Arrow       |       |     6 |    11 |    17 ||    34
       Lee's Rapid Decon |       |       |     6 |    46 ||    52
       Mephitic Cloud    |       |       |       |     1 ||     1
Evoke: Wand              |       |       |       |    17 ||    17
       Phial of floods   |       |       |       |     1 ||     1
  Use: Scroll            |     1 |     8 |     9 |     3 ||    21
       Potion            |       |     1 |     3 |     2 ||     6
 Stab: Sleeping          |     1 |    10 |     9 |     6 ||    26
       Confused          |       |       |       |     1 ||     1
       Distracted        |       |       |       |     1 ||     1
  Eat: Chunk             |     3 |    10 |    16 |    23 ||    52
       Ration            |       |       |       |     1 ||     1
Armor: Robe              |    53 |    76 |   155 |   158 ||   442
Dodge: Dodged            |    98 |   114 |   244 |   213 ||   669
       Rpst.: Falchion   |       |    17 |    52 |       ||    69

Table legend:
 A = Non-vault XP
 B = Vault XP
 C = Vault XP percentage of total XP
 D = Non-vault monster count
 E = Vault monster count
 F = Vault count percentage of total count
                 A         B        C        D         E       F
            +---------+---------+-------+---------+---------+-------
      Total |   15099 |    6190 |  29.1 |     258 |      54 |  17.3
            +---------+---------+-------+---------+---------+-------
        D:1 |      55 |       6 |   9.8 |      29 |       3 |   9.4
        D:2 |      61 |     279 |  82.1 |      24 |      11 |  31.4
        D:3 |     113 |     157 |  58.1 |      19 |       5 |  20.8
        D:4 |     363 |      33 |   8.3 |      16 |       7 |  30.4
        D:5 |     541 |     208 |  27.8 |      15 |       1 |   6.2
        D:6 |     538 |       0 |   0.0 |      11 |       0 |   0.0
        D:7 |     342 |      17 |   4.7 |       6 |       1 |  14.3
        D:8 |    1176 |      16 |   1.3 |      29 |       7 |  19.4
        D:9 |    2084 |    1411 |  40.4 |      44 |      13 |  22.8
       D:10 |    2312 |     865 |  27.2 |      20 |       4 |  16.7
       D:11 |    3849 |    3198 |  45.4 |      28 |       2 |   6.7
       D:12 |    3631 |       0 |   0.0 |      16 |       0 |   0.0
     Temple |      34 |       0 |   0.0 |       1 |       0 |   0.0
            +---------+---------+-------+---------+---------+-------
